 Dungeon Crawl Stone Soup version 0.29.1-12-g30fa7ad0bf (webtiles) character file.

Game seed: 1332802721076234451

133 wormed the Trooper (level 4, 0/36 HPs)
             Began as a Demonspawn Fighter on Dec 21, 2022.
             Killed from afar by an orc wizard (4 damage)
             ... with a magic dart
             ... on level 3 of the Dungeon.
             The game lasted 00:04:22 (2021 turns).

wormed the Trooper (Demonspawn Fighter)             Turns: 2021, Time: 00:04:24

Health: 0/36       AC:  6    Str: 18    XL:     4   Next: 94%
Magic:  4/4        EV:  9    Int: 10    God:
Gold:   107        SH:  4    Dex: 12    Spells: 3/3 levels left

rFire   . . .      SeeInvis .   a - +0 flail
rCold   . . .      Faith    .   c - +0 buckler
rNeg    . . .      Spirit   .   b - +0 scale mail
rPois   .          Reflect  .   (no helmet)
rElec   .          Harm     .   (no cloak)
rCorr   .          Rampage  .   (no gloves)
Will    .....                   (no boots)
Stlth   ..........              (no amulet)
HPRegen 0.12/turn               (no ring)
MPRegen 0.18/turn               (no ring)

@: no status effects
A: magic regeneration, weakness stinger 1
a: no special abilities


You were on level 3 of the Dungeon.
You visited 1 branch of the dungeon, and saw 3 of its levels.

You collected 107 gold pieces.

Inventory:

Hand Weapons
 a - a +0 flail (weapon)
Armour
 b - a +0 scale mail (worn)
 c - a +0 buckler (worn)
Scrolls
 f - a scroll of noise {unknown}
 g - a scroll of immolation {unknown}
 h - a scroll of identify {unknown}
 j - 2 scrolls of teleportation {unknown}
 l - a scroll of enchant weapon {unknown}
 m - a scroll of magic mapping {unknown}
 n - a scroll of vulnerability {unknown}
Potions
 d - a potion of might
 e - a potion of curing {unknown}
 i - a potion of flight {unknown}
 k - a potion of lignification {unknown}
 o - a potion of mutation {unknown}


   Skills:
 + Level 3.6 Fighting
 * Level 3.2 Maces & Flails
 + Level 3.3 Armour
 + Level 3.3 Shields


You had 3 spell levels left.
You didn't know any spells.
Your spell library was empty.

Dungeon Overview and Level Annotations

Branches:
Dungeon (3/15)

Altars:
Uskayaw


Innate Abilities, Weirdness & Mutations

You regenerate magic rapidly.
You have a small tail.


Message History

The adder closely misses you. The adder barely misses you.
The adder bites you but does no damage.
You feel less confused. The adder bites you but does no damage.
The orc wizard casts a spell.
The orc wizard flickers and vanishes!
Deactivating autopickup; reactivate with Ctrl-A.
The adder attacks as you move away! You block the adder's attack.
The orc wizard mumbles some strange words.
The orc wizard flickers and vanishes!
The adder barely misses you.
Things that are here:
a ball python skeleton; a necrophage skeleton The adder bites you.
You completely miss the adder. You block the adder's attack.
The adder bites you but does no damage.
You hit the adder but do no damage.
Your tail-slap misses the adder.
You block the adder's attack.
The orc priest miscasts a cantrip.
You sock the adder!
The adder is almost dead.
The adder bites you but does no damage. x2
The orc priest calls down the wrath of Beogh upon you.
Beogh smites you!
You sock the adder!
You kill the adder!
You barely miss something.
You hear some strange, mumbled words.
Something tries to affect you, but you resist.
You hit something. Something hits you.
You hear some strange, mumbled words.
A magic dart appears from out of thin air!
The magic dart hits you.
You closely miss something.
The orc priest mumbles some strange prayers to Beogh against you.
Beogh smites you!
* * * LOW HITPOINT WARNING * * *
You hear some strange, mumbled words.
A magic dart appears from out of thin air!
The magic dart hits you.
You die...

### #.# .... ...
#.##.#.) ....####.......
.... .....[...
.{.#....... .###.#.#.)##
.>.........#
..>..!.....#########
....#..#....÷oo{@..#####
........†..######.<....#
.....#..#..... ########
...#....#..##..#
..###....... ... .#
#.......## .. #
#......... . #.........#


You could see an orc priest and an orc.

Vanquished Creatures
  A necrophage (D:3)
  An adder (D:3)
  3 dart slugs
  7 bats
  7 endoplasms
  2 giant cockroaches
  4 goblins (D:1)
  5 hobgoblins
  3 quokkas
  5 ball pythons
  5 frilled lizards
  3 kobolds
  6 rats
52 creatures vanquished.

Notes
Turn   | Place    | Note
-------+----------+-------------------------------------------
     0 | D:1      | wormed the Demonspawn Fighter began the quest for the Orb.
     0 | D:1      | Reached XP level 1. HP: 18/18 MP: 1/1
   128 | D:1      | Gained mutation: You regenerate magic rapidly. [demonic
                  | ancestry]
   128 | D:1      | Reached XP level 2. HP: 24/24 MP: 2/2
   263 | D:1      | Found a faded altar of an unknown god.
   527 | D:1      | Reached XP level 3. HP: 18/29 MP: 3/3
   699 | D:1      | You fall into a shaft and drop 1 floor!
   699 | D:2      | Found a hide-covered altar of Uskayaw.
  1784 | D:3      | Noticed a necrophage
  1798 | D:3      | Killed a necrophage
  1799 | D:3      | Gained mutation: You have a small tail. [demonic ancestry]
  1799 | D:3      | Reached XP level 4. HP: 12/36 MP: 4/4
  2021 | D:3      | Killed from afar by an orc wizard

Illustrated notes

Levels and vault maps discovered:
D:1:      saegor_arrival_fortress, layout_basic,
          ebering_ecumenical_altar_petrified
D:2:      layout_basic, serial_aquarium, aquarium_bridge_island_small
          [aquarium_subvault_small_water, aquarium_subvault_bridge,
          aquarium_subvault_bridge, aquarium_subvault_window,
          aquarium_subvault_balcony], aquarium_bridge_long_joined
          [aquarium_subvault_bridge, aquarium_subvault_bridge,
          aquarium_subvault_wall, aquarium_subvault_wall,
          aquarium_subvault_bridge, aquarium_subvault_wall],
          aquarium_window_fake, aquarium_window_1, aquarium_view_2c,
          aquarium_view_2c, aquarium_balcony_5b, aquarium_pool_S, basic_altar,
          minmay_misc_feat_square
D:3:      cheibrodos_greedy_goblins, layout_rooms, uniq_robin

Skill      XL: |  1  2  3 |
---------------+----------+-----
Maces & Flails | 2 3 |  3.2
Shields        | 3 |  3.3
Armour         | 3 |  3.3
Fighting       | |  3.6

Action                   |  1- 3 |  4- 6 || total
-------------------------+-------+-------++-------
Melee: Flail             |   124 |     9 ||   133
       Tailslap          |       |     1 ||     1
Armor: Scale mail        |    85 |     5 ||    90
Dodge: Dodged            |    51 |     3 ||    54
Block: Buckler           |    19 |     3 ||    22
